 Dungeon Crawl Stone Soup version 0.28-a0-1143-gcf6077d4cc (webtiles) character file.

Game seed: 11128758565167800500

39 karkarkar the Caller (level 3, 0/15 HPs)
             Began as a Felid Summoner on Dec 13, 2021.
             Killed by divine providence
             ... invoked by an orc priest
              (12 damage)
             ... on level 3 of the Dungeon.
             The game lasted 00:11:05 (2360 turns).

karkarkar the Caller (Felid Summoner)               Turns: 2360, Time: 00:11:05

Health: 0/15       AC:  1    Str:  4    XL:     3   Next: 28%
Magic:  1/8        EV: 17    Int: 18    God:
Gold:   109        SH:  5    Dex: 16    Spells: 1/7 levels left
                                        Lives:  0   Deaths: 1

rFire   . . .      SeeInvis +   (weapon unavailable)
rCold   . . .      Faith    .   (shield unavailable)
rNeg    . . .      Spirit   .   (armour unavailable)
rPois   .          Reflect  +   (helmet unavailable)
rElec   .          Harm     .   (cloak unavailable)
rCorr   .          Rampage  .   (gloves unavailable)
Will    .....                   (boots unavailable)
Stlth   ++........              i - amulet of reflection
HPRegen 0.05/turn               (no ring)
MPRegen 0.11/turn               (no ring)

@: quick
A: very small, claws 1, fangs 3, see invisible, speed 1, shaggy fur 1, stealthy
paws, no weapons or thrown items, no armour, multi-lived
a: no special abilities


You were on level 3 of the Dungeon.
You visited 1 branch of the dungeon, and saw 3 of its levels.

You collected 109 gold pieces.

Inventory:

Jewellery
 i - an amulet of reflection (around neck)
Scrolls
 a - a scroll of identify
 b - a scroll of fog
 e - a scroll of noise
 f - a scroll of vulnerability
Potions
 c - a potion of mutation {unknown}
 d - a potion of attraction {unknown}
 g - a potion of lignification {unknown}


   Skills:
 + Level 0.4 Fighting
 + Level 2.9 Dodging
 + Level 2.7 Stealth
 + Level 0.1 Unarmed Combat
 + Level 2.9 Spellcasting
 + Level 5.1 Summonings


You had one spell level left.
You knew the following spells:

 Your Spells              Type           Power      Damage    Failure   Level
a - Summon Small Mammal   Summ           84%        N/A       1%          1
b - Call Imp              Summ           21%        N/A       3%          2
c - Summon Guardian Gole  Hex/Summ       11%        N/A       17%         3

Your spell library contained the following spells:

 Spells                   Type           Power      Damage    Failure   Level
 Call Canine Familiar     Summ           21%        N/A       6%          3
 Ensorcelled Hibernation  Hex/Ice        4%         N/A       26%         2
 Spider Form              Tmut/Pois      2%         N/A       45%         3
 Summon Lightning Spire   Summ/Air       11%        N/A       50%         4


Dungeon Overview and Level Annotations

Branches:
Dungeon (3/15)

Altars:

Shops:
D:1 *   D:2 (


Innate Abilities, Weirdness & Mutations

You have sharp claws.
You have razor-sharp teeth.
You have supernaturally acute eyesight. (SInv)
You cover ground quickly. (Speed+)
You are covered in fur. (AC +1)
Your paws help you pounce on unaware monsters.
You are incapable of wielding weapons or throwing items.
You cannot wear armour.
You gain extra lives every three experience levels.


Message History

What are your orders? t - Meow!
Orders for allies: a - Attack new target. r - Retreat! s - Stop attacking. g - Guard the area. f - Follow me.
Anything else - Cancel.
Gang up on whom?
Press: ? - help, Dir - move target, f - ball python
Aim: a ball python (grey smoke, moderately wounded, ally target) Attack!
The ball python bites you. The ball python closely misses you.
Your crimson imp hits the ball python.
You scratch the ball python but do no damage.
The ball python is severely wounded.
The ball python closely misses you. The ball python barely misses you.
Your crimson imp blinks!
You barely miss the ball python.
The ball python is severely wounded.
You block the ball python's attack. The ball python closely misses you.
You scratch the ball python but do no damage.
You bite the ball python, but do no damage.
The ball python is severely wounded.
The ball python closely misses you. x2
You barely miss the ball python.
The ball python is severely wounded.
You block the ball python's attack. The ball python misses you.
The ball python closely misses you. The ball python completely misses you.
What are your orders? t - Meow!
Orders for allies: a - Attack new target. p - Attack previous target. r - Retreat! s - Stop attacking. g - Guard the area. f - Follow me.
Anything else - Cancel.
Gang up on whom?
Press: ? - help, Dir - move target, f - orc priest, p - ball python
Aim: an orc priest, wielding a +2 vorpal falchion and wearing a +0 leather armour Attack!
The orc priest calls down the wrath of Beogh upon you.
Beogh smites you!
Ouch! That really hurt!
You die...

##....#
.#....###...
...........
##).....# ...
####†.5....#
.S. #####
#.b.r# #.#
.....# §o####
.### #.#
#.... ###
.....##5##..#
#
###...o.S@.#
.
.....##.####
.. ##.#....#
... ###..#
#### ##.# ###


You could see an orc priest (ally target), a ball python and a friendly crimson
imp (summoned).

Vanquished Creatures
  An endoplasm (D:1)
  2 hobgoblins
  A jackal (D:3)
4 creatures vanquished.

Vanquished Creatures (collateral kills)
  3 adders
  A worm (D:2)
  3 dart slugs (D:2)
  6 orcs
  4 endoplasms
  4 hobgoblins
  3 jackals
  2 quokkas (D:2)
  3 ball pythons
  3 bats
  2 frilled lizards
  2 goblins
  3 rats
39 creatures vanquished.

Grand Total: 43 creatures vanquished

Notes
Turn   | Place    | Note
-------+----------+-------------------------------------------
     0 | D:1      | karkarkar the Felid Summoner began the quest for the Orb.
     0 | D:1      | Reached XP level 1. HP: 7/7 MP: 4/4
   121 | D:1      | Found Veicaq's General Store.
   454 | D:1      | Reached XP level 2. HP: 11/11 MP: 3/6
   457 | D:1      | Learned a level 2 spell: Call Imp
   962 | D:2      | Reached XP level 3. HP: 11/14 MP: 3/7
  1104 | D:2      | Found Qofisiurph's Weapon Boutique.
  1517 | D:2      | Learned a level 3 spell: Summon Guardian Golem
  2056 | D:3      | Reached XP level 4. HP: 18/18 MP: 7/9
  2107 | D:3      | Reached skill level 5 in Summonings
  2315 | D:3      | Killed from afar by an orc priest
  2316 | D:3      | Reached XP level 3. HP: -8/15 MP: 7/8
  2360 | D:3      | Killed from afar by an orc priest

Illustrated notes

Levels and vault maps discovered:
D:1:      minmay_arrival_hallway, layout_basic, serial_shops,
          nicolae_shop_crystal
D:2:      layout_rooms, serial_shops, shop, minmay_small_reverse_x
D:3:      layout_rooms, uniq_grinder

Skill      XL: |  1  2  3  4 |
---------------+-------------+-----
Summonings     | 5 |  5.1
Fighting       | |  0.4
Dodging        | |  2.9
Stealth        | |  2.7
Unarmed Combat | |  0.1
Spellcasting   | |  2.9

Action                   |  1- 3 |  4- 6 || total
-------------------------+-------+-------++-------
Melee: Unarmed           |    24 |     5 ||    29
       Bite              |     1 |       ||     1
 Cast: Summon Small Mamm |    46 |    11 ||    57
       Call Imp          |    23 |     6 ||    29
  Use: Scroll            |     6 |       ||     6
Armor: Skin              |     6 |       ||     6
Dodge: Dodged            |    53 |    11 ||    64
Block: Other             |     6 |     4 ||    10

Table legend: (Time is in decaauts)
 A = Elapsed time spent in this place.
 B = Non-inter-level travel time spent in this place.
 C = Inter-level travel time spent in this place.
 D = Time resting spent in this place.
 E = Time spent auto-exploring this place.
 F = Levels seen in this place.
 G = Mean time per level.
                   A        B        C        D        E       F      G
               +--------+--------+--------+--------+--------+-----+--------+
         Total |   2151 |   2083 |     68 |    251 |   1309 |   3 |  717.0 |
       Dungeon |   2151 |   2083 |     68 |    251 |   1309 |   3 |  717.0 |
               +--------+--------+--------+--------+--------+-----+--------+

Top non-repeatable levels by time:
     D:2: 1124 daAuts
     D:1: 643 daAuts
     D:3: 382 daAuts
